 Dungeon Crawl Stone Soup version 0.23.2-40-g277498a001 (webtiles) character file.

Game seed: 9421038841912417040

1047 BreadTh the Insei (level 7, -2/55 HPs)
             Began as a Demigod Transmuter on Aug 30, 2019.
             Slain by an iguana (7 damage)
             ... on level 6 of the Dungeon.
             The game lasted 00:11:00 (3925 turns).

BreadTh the Insei (Demigod Transmuter)              Turns: 3925, Time: 00:11:01

Health: -2/55      AC:  2    Str: 13    XL:     7   Next: 75%
Magic:  10/13      EV: 13    Int: 17    God:
Gold:   299        SH:  0    Dex: 20    Spells: 2/10 levels left

rFire    + . .     SeeInvis .     - Unarmed
rCold    x . .     Gourm    +   (no shield)
rNeg     . . .     Faith    .   b - +0 robe
rPois    .         Spirit   .   (no helmet)
rElec    .         Reflect  .   (no cloak)
rCorr    .         Harm     .   (no gloves)
MR       .....                  (no boots)
Stlth    +++.......             u - amulet of the gourmand
HPRegen  0.18/turn              q - ring of fire
MPRegen  0.13/turn              (no ring)

@: appendage, very slightly contaminated
A: horns 2, high mp 1
a: End Transformation


You were on level 6 of the Dungeon.
You were hungry.
You had grown temporary horns.
You visited 1 branch of the dungeon, and saw 5 of its levels.

You collected 299 gold pieces.

Inventory:

Missiles
 a - 89 arrows
 c - 146 stones (quivered)
 g - 15 poisoned needles
 t - 4 tomahawks
Armour
 b - a +0 robe (worn)
Jewellery
 q - a ring of fire (left hand)
 u - an amulet of the gourmand (around neck)
Wands
 p - a wand of flame (36)
 s - a wand of acid (19)
Scrolls
 e - 7 scrolls of identify {unknown}
 f - 2 scrolls of teleportation {unknown}
 h - a scroll of remove curse {unknown}
 i - a scroll of fear {unknown}
 l - a scroll of immolation {unknown}
 m - a scroll of random uselessness {unknown}
 o - a scroll of enchant weapon {unknown}
Potions
 j - 3 potions of curing {unknown}
 k - a potion of heal wounds {unknown}
 n - a potion of agility {unknown}
 r - a potion of brilliance {unknown}
Comestibles
 d - 11 rations


   Skills:
 - Level 2.0 Fighting
 - Level 2.1 Throwing
 - Level 2.0 Dodging
 - Level 3.1 Stealth
 + Level 5.0 Unarmed Combat
 - Level 2.0 Spellcasting
 * Level 4.9 Transmutations
 - Level 2.0 Ice Magic
 - Level 2.1 Poison Magic


You had 2 spell levels left.
You knew the following spells:

 Your Spells              Type           Power        Failure   Level  Hunger
a - Beastly Appendage     Tmut           ###...       2%          1    #......
b - Spider Form           Tmut/Pois      ##........   14%         3    ###....
c - Ice Form              Ice/Tmut       ##......     41%         4    #####..

Your spell library contained the following spells:

 Spells                   Type           Power        Failure   Level  Hunger
 Sticks to Snakes         Tmut           ###.....     3%          2    ###....
 Blade Hands              Tmut           ###.......   56%         5    ######.


Dungeon Overview and Level Annotations

Branches:
Dungeon (6/15)
 Temple: D:4-7

Shops:
D:2 *


Innate Abilities, Weirdness & Mutations

You have an increased reservoir of magic. (+10% MP)
You have a pair of horns on your head.


Message History

The iguana barely misses you.
You hit the iguana.
The iguana is heavily wounded.
You hit the iguana.
The iguana is almost dead.
The iguana closely misses you.
You closely miss the iguana.
The iguana is almost dead.
The iguana barely misses you.
You closely miss the iguana.
The iguana is almost dead.
The iguana bites you!
* * * LOW HITPOINT WARNING * * *
You hit the iguana but do no damage.
The iguana is almost dead.
The iguana misses you.
Casting: Spider Form (safe; 14% risk of failure)
Confirm with . or Enter, or press ? or * to list all spells.
You grow a pair of large bovine horns.
The iguana bites you!
You die...

........# ........ ...#
....... ###...#### ##
^..... ......... #...#...#
.#.....## #...#...##
........ #...#....# .....##
#...#....######.....##.
#...#.......@l..#...... ##
#.....#...####.......#
.####.....#.#.......###.(..
...##...#.#.#####....# ..
....###.#.#.# #.##...
....###.....# #..# ##.#
.≈...####.#.###..# .#
.≈..)####.....#.### .
≈§≈≈.'.##.#.......## .


You could see an iguana.

Vanquished Creatures
  Edmund (D:6)
  A black bear (D:6)
  3 centaurs
  2 ogres (D:5)
  A bullfrog (D:6)
  A scorpion (D:5)
  A hound (D:5)
  A jelly (D:5)
  An orc wizard (D:6)
  A bullfrog skeleton (D:5)
  An iguana (D:6)
  A worker ant (D:6)
  2 hound zombies
  A hound skeleton (D:5)
  A howler monkey zombie (D:6)
  A gnoll (D:5)
  2 adders
  A shadow imp (D:6)
  An ooze (D:2)
  An adder skeleton (D:6)
  4 worms
  A dart slug (D:1)
  3 leopard geckos
  3 orcs
  2 ball pythons
  13 giant cockroaches
  3 goblins
  3 hobgoblins
  2 jackals (D:2)
  A quokka (D:2)
  2 bats (D:2)
  4 frilled lizards
  5 kobolds
  6 rats
77 creatures vanquished.

Vanquished Creatures (others)
  A leopard gecko (D:6)
1 creature vanquished.

Grand Total: 78 creatures vanquished

Notes
Turn   | Place    | Note
-------+----------+-------------------------------------------
     0 | D:1      | BreadTh the Demigod Transmuter began the quest for the Orb.
     0 | D:1      | Reached XP level 1. HP: 15/15 MP: 5/5
    59 | D:1      | Reached skill level 1 in Fighting
   582 | D:1      | Reached XP level 2. HP: 23/23 MP: 7/7
   961 | D:2      | Found a blossoming altar of Fedhas.
  1126 | D:2      | Reached skill level 3 in Unarmed Combat
  1294 | D:2      | Reached XP level 3. HP: 25/28 MP: 8/8
  1327 | D:2      | Learned a level 3 spell: Spider Form
  1332 | D:2      | Reached skill level 1 in Stealth
  1623 | D:2      | Found a shadowy altar of Dithmenos.
  1759 | D:2      | Found Gozag's Platinum Reserve.
  1760 | D:2      | Found an opulent altar of Gozag.
  1947 | D:3      | Reached skill level 1 in Throwing
  1979 | D:3      | You fall through a shaft for 2 floors!
  1979 | D:5      | Entered Level 5 of the Dungeon
  2081 | D:5      | Noticed an ogre
  2090 | D:5      | Killed an ogre
  2090 | D:5      | Reached XP level 4. HP: 32/36 MP: 5/9
  2158 | D:5      | Reached XP level 5. HP: 40/41 MP: 8/10
  2304 | D:5      | Found a sparkling altar of Nemelex Xobeh.
  2340 | D:5      | Noticed an ogre
  2347 | D:5      | Killed an ogre
  2347 | D:5      | Reached skill level 4 in Unarmed Combat
  2347 | D:5      | Reached skill level 1 in Poison Magic
  2441 | D:5      | Reached XP level 6. HP: 42/48 MP: 7/11
  2961 | D:6      | Learned a level 4 spell: Ice Form
  2975 | D:6      | Reached XP level 7. HP: 37/55 MP: 10/13
  3352 | D:6      | Reached skill level 1 in Ice Magic
  3892 | D:6      | Noticed Edmund
  3905 | D:6      | Killed Edmund
  3908 | D:6      | Reached skill level 5 in Unarmed Combat
  3925 | D:6      | Slain by an iguana

Skill      XL: |  1  2  3  4  5  6  7 |
---------------+----------------------+-----
Fighting       | 1 2 |  2.0
Spellcasting   | 2 |  2.0
Transmutations | 2 3 4 |  4.9
Unarmed Combat | 3 4 5 |  5.0
Stealth        | 2 3 |  3.1
Dodging        | 2 |  2.0
Throwing       | 1 2 |  2.1
Poison Magic   | 1 2 |  2.1
Ice Magic      | 2 |  2.0

Action                   |  1- 3 |  4- 6 |  7- 9 || total
-------------------------+-------+-------+-------++-------
Melee: Unarmed           |   153 |    68 |    78 ||   299
       Kick              |     7 |     3 |       ||    10
       Headbutt          |     9 |       |       ||     9
       Punch             |     2 |     2 |       ||     4
 Cast: Beastly Appendage |    10 |     1 |     1 ||    12
       Spider Form       |     5 |     8 |     5 ||    18
 Stab: Sleeping          |     5 |     1 |       ||     6
  Eat: Chunk             |     4 |     5 |     3 ||    12
Armor: Robe              |    29 |     3 |     1 ||    33
       Skin              |       |     3 |     1 ||     4
Dodge: Dodged            |    85 |    54 |    56 ||   195
